 Dungeon Crawl Stone Soup version 0.26-a0-1205-g4083c211ab (webtiles) character file.

Game seed: 5782963000854373779

108 jestyr24 the Sneak (level 4, -5/37 HPs)
             Began as a Draconian Brigand on Dec 29, 2020.
             Slain by an ice beast (8 damage)
             ... on level 3 of the Dungeon.
             The game lasted 00:09:13 (2294 turns).

jestyr24 the Sneak (Draconian Brigand)              Turns: 2294, Time: 00:09:14

Health: -5/37      AC:  8    Str: 13    XL:     4   Next: 58%
Magic:  6/6        EV: 11    Int: 12    God:
Gold:   96         SH:  0    Dex: 13    Spells: 6/6 levels left

rFire    . . .     SeeInvis .   a - +2 dagger
rCold    . . .     Faith    .   (no shield)
rNeg     . . .     Spirit   .   (armour unavailable)
rPois    .         Reflect  .   (helmet restricted)
rElec    .         Harm     .   b - +0 cloak
rCorr    .         Rampage  .   r - +0 pair of gloves (curse)
Will     .....                  k - +0 pair of boots
Stlth    +++.......             (no amulet)
HPRegen  0.12/turn              (no ring)
MPRegen  0.10/turn              (no ring)

@: no status effects
A: unfitting armour, cold-blooded, AC +5
a: no special abilities


You were on level 3 of the Dungeon.
You visited 1 branch of the dungeon, and saw 3 of its levels.

You collected 96 gold pieces.

Inventory:

Hand Weapons
 a - a +2 dagger (weapon)
 v - a +0 great sword
Missiles
 c - 8 poisoned darts (quivered)
 d - 2 curare-tipped darts
 h - 6 javelins
 j - 109 stones
Armour
 b - a +0 cloak (worn)
 k - a +0 pair of boots (worn)
 r - a cursed +0 pair of gloves (worn)
 u - a +0 tower shield
Scrolls
 e - a scroll of random uselessness {unknown}
 g - 2 scrolls of immolation {unknown}
 i - 2 scrolls of remove curse {unknown}
 m - a scroll of noise {unknown}
 n - a scroll of magic mapping {unknown}
Potions
 f - a potion of curing
 l - a potion of heal wounds {unknown}
 o - a potion of haste {unknown}
 p - a potion of ambrosia {unknown}
 q - a potion of degeneration {unknown}
 s - a potion of brilliance {unknown}
 t - a potion of magic {unknown}


   Skills:
 * Level 2.6 Fighting
 + Level 2.2 Short Blades
 - Level 1.7 Throwing
 - Level 0.8 Dodging
 + Level 5.0 Stealth
 * Level 1.5 Spellcasting


You had 6 spell levels left.
You didn't know any spells.
Your spell library was empty.

Dungeon Overview and Level Annotations

Branches:
Dungeon (3/15)

Altars:
Kikubaaqudgha
Ru


Innate Abilities, Weirdness & Mutations

Your plain brown scales are hard. (AC +5)
You cannot fit into any form of body armour.
You are cold-blooded and may be slowed by cold attacks.


Message History

* * * LOW HITPOINT WARNING * * *
You hit the ice beast but do no damage.
The ice beast is heavily wounded.
The ice beast closely misses you.
You hit the ice beast but do no damage.
The ice beast is heavily wounded.
The ice beast closely misses you.
You hit the ice beast but do no damage.
Your tail-slap misses the ice beast.
The ice beast is heavily wounded.
You hit the ice beast but do no damage.
The ice beast is heavily wounded.
The ice beast barely misses you.
A dart slug comes into view.
You hit the ice beast but do no damage.
You tail-slap the ice beast, but do no damage.
The ice beast is heavily wounded.
The ice beast hits you.
* * * LOW HITPOINT WARNING * * *
The ice beast freezes you!
You die...

#####..# ...##.######
.#.....##.. ..
....##.##.###....
..#.##.#...[..#
..#....#..######## .
...........>.....####...
..........w.............
..####.##.#####.@.##.#.
..# #.##.# ###Y# ..#
#..#.# #....bg....# ###
##...# #....w.......
#... #.K..........
##.........$......
#.##.............
..............g
K#..#..........


You could see an ice beast, 2 dart slugs, a goblin and a bat.

Vanquished Creatures
  A vampire bat (D:2)
  An adder (D:2)
  An ooze (D:3)
  3 bat skeletons (D:2)
  3 bat zombies (D:2)
  3 giant cockroaches
  6 goblins
  5 hobgoblins
  3 jackals (D:1)
  3 quokkas
  A ball python (D:1)
  7 bats
  10 kobolds
  3 rats
50 creatures vanquished.

Notes
Turn   | Place    | Note
-------+----------+-------------------------------------------
     0 | D:1      | jestyr24 the Draconian Brigand began the quest for the Orb.
     0 | D:1      | Reached XP level 1. HP: 17/17 MP: 1/1
   254 | D:1      | Reached skill level 4 in Stealth
   267 | D:1      | Reached XP level 2. HP: 17/24 MP: 2/2
  1064 | D:1      | Reached skill level 1 in Spellcasting
  1319 | D:2      | Reached XP level 3. HP: 27/29 MP: 4/4
  1614 | D:2      | Found a sacrificial altar of Ru.
  1997 | D:2      | Found an ancient bone altar of Kikubaaqudgha.
  2054 | D:2      | Reached skill level 5 in Stealth
  2054 | D:2      | Reached XP level 4. HP: 28/37 MP: 4/6
  2260 | D:3      | Noticed an ice beast
  2294 | D:3      | Slain by an ice beast

Illustrated notes

Levels and vault maps discovered:
D:1:      minmay_arrival_floating_metal, layout_loops_ring
D:2:      layout_rooms, kennysheep_vampire_church, nicolae_ru_path_of_blood
D:3:      minmay_chambers_of_threes, layout_rooms, yredelemnul_altar_generic,
          okawaru_trees_2

Skill      XL: |  1  2  3 |
---------------+----------+-----
Stealth        | 4 5 |  5.0
Spellcasting   | 1 |  1.5
Fighting       | |  2.6
Short Blades   | |  2.2
Throwing       | |  1.7
Dodging        | |  0.8

Action                   |  1- 3 |  4- 6 || total
-------------------------+-------+-------++-------
Melee: Dagger            |   190 |    44 ||   234
       Tailslap          |    19 |     8 ||    27
Throw: Dart              |     2 |       ||     2
  Use: Potion            |     1 |       ||     1
 Stab: Sleeping          |     3 |       ||     3
Armor: Skin              |    97 |    19 ||   116
Dodge: Dodged            |   128 |    25 ||   153

Table legend: (Time is in decaauts)
 A = Elapsed time spent in this place.
 B = Non-inter-level travel time spent in this place.
 C = Inter-level travel time spent in this place.
 D = Time resting spent in this place.
 E = Time spent auto-exploring this place.
 F = Levels seen in this place.
 G = Mean time per level.
                   A        B        C        D        E       F      G
               +--------+--------+--------+--------+--------+-----+--------+
         Total |   2292 |   2256 |     36 |    518 |    925 |   3 |  764.0 |
       Dungeon |   2292 |   2256 |     36 |    518 |    925 |   3 |  764.0 |
               +--------+--------+--------+--------+--------+-----+--------+

Top non-repeatable levels by time:
     D:1: 1292 daAuts
     D:2: 937 daAuts
     D:3: 62 daAuts
